 Dungeon Crawl Stone Soup version 0.29.0-4-gdea44cf6ec (webtiles) character file.

Game seed: 2391269083852504372

2133 qw the Cleaver (level 9, -3/54 HPs)
             Began as a Tengu Warper on Aug 28, 2022.
             Was a Believer of Okawaru.
             Slain by a large slime creature (19 damage)
             ... on level 6 of the Dungeon.
             The game lasted 00:00:44 (6920 turns).

qw the Cleaver (Tengu Warper)                       Turns: 6920, Time: 00:00:45

Health: -3/54      AC: 18    Str: 15    XL:     9   Next: 30%
Magic:  11/13      EV: 15    Int: 12    God:    Okawaru [**....]
Gold:   188        SH:  5    Dex: 14    Spells: 12/12 levels left

rFire   + . .      SeeInvis +   Y - +6 war axe (freeze)
rCold   + + .      Faith    .   (no shield)
rNeg    + . .      Spirit   .   a - +6 scale mail "Vearph" {Rampage rC++ rN+}
rPois   .          Reflect  +   (helmet restricted)
rElec   .          Harm     .   h - +0 cloak
rCorr   .          Rampage  +   e - +1 pair of gloves
Will    .....                   (boots unavailable)
Stlth   ++........              o - amulet of reflection
HPRegen 0.18/turn               n - ring of see invisible
MPRegen 0.13/turn               k - ring of protection from fire

@: heroic, flying quickly and evasively, quick
A: beak, talons 3, nimble flight, dopey 1, evolution 1
a: Renounce Religion, Heroism


You were on level 6 of the Dungeon.
You worshipped Okawaru.
Okawaru was pleased with you.
You visited 2 branches of the dungeon, and saw 8 of its levels.

You collected 241 gold pieces.
You spent 53 gold pieces at shops.


Innate Abilities, Weirdness & Mutations

You have a beak for a mouth.
You have claws for feet.
Your magical nature lets you fly swiftly and evasively.
You are dopey. (Int -2)
You have hidden genetic potential.


   Skills:
 - Level 5.4(10.4) Fighting
 + Level 10.0(15.0) Axes
 - Level 1.0(6.0) Throwing
 - Level 3.7(8.7) Armour
 - Level 3.2(8.2) Dodging
 - Level 2.0 Spellcasting
 - Level 2.4 Translocations
 - Level 4.0 Invocations


You had 12 spell levels left.
You didn't know any spells.
Your spell library contained the following spells:

 Spells                   Type           Power      Damage    Failure   Level
 Blink                    Tloc           12%        N/A       45%         2
 Gell's Gravitas          Tloc           6%         N/A       69%         3
 Lesser Beckoning         Tloc           6%         N/A       69%         3
 Teleport Other           Tloc           6%         N/A       69%         3
 Manifold Assault         Tloc           6%         N/A       100%        5

Inventory:

Hand Weapons
 b - the +8 whip "qw's Death" {protect, rCorr}
   (You found it on level 4 of the Dungeon)

   It grants its wielder temporary protection when it strikes (+7 to AC).
   rCorr:     It protects you from acid and corrosion.
 Y - a +6 war axe of freezing (weapon)
Missiles
 s - 3 boomerangs (quivered)
Armour
 a - the +6 scale mail "Vearph" (worn) {Rampage rC++ rN+}
   (You found it on level 4 of the Dungeon)

   rC:        It greatly protects you from cold.
   rN:        It protects you from negative energy.
   Rampage:   It bestows one free step when moving towards enemies.
 e - a +1 pair of gloves (worn)
 h - a +0 cloak (worn)
Jewellery
 k - a ring of protection from fire (right hand)
 m - a ring of see invisible
 n - a ring of see invisible (left hand)
 o - an amulet of reflection (around neck)
Scrolls
 j - a scroll of identify
Potions
 c - a potion of heal wounds
 d - 3 potions of curing
 f - a potion of might
 g - 3 potions of haste
 l - a potion of mutation
 p - a potion of ambrosia {unknown}
 q - a potion of resistance {unknown}
 r - a potion of attraction {unknown}

Dungeon Overview and Level Annotations

Branches:
Dungeon (7/15)             Temple (1/1) D:5

Altars:
Ashenzari
Cheibriados
Dithmenos
Elyvilon
Fedhas
Gozag
Kikubaaqudgha
Makhleb
Okawaru
Qazlal
Ru
Sif Muna
Trog
Wu Jian
Yredelemnul
Zin

Shops:
D:3 *   D:5 *

Portals:
Bailey: D:7

Annotations:
D:4 1 runed translucent door, qw's ghost, amateur TeWr


Message History

You punch the enormous slime creature, but do no damage.
The enormous slime creature is lightly wounded.
You hit the enormous slime creature. You freeze the enormous slime creature.
You claw the enormous slime creature, but do no damage.
Your peck misses the enormous slime creature.
The enormous slime creature is lightly wounded.
You slash the enormous slime creature! You freeze the enormous slime creature.
You claw the enormous slime creature.
The enormous slime creature is moderately wounded.
An enormous slime creature splits.
You completely miss the large slime creature.
The large slime creature is moderately wounded.
You hit the large slime creature. You freeze the large slime creature.
The large slime creature hits you!!
You barely miss the large slime creature.
You peck the large slime creature.
The large slime creature is moderately wounded.
You hit the large slime creature. You freeze the large slime creature.
The large slime creature hits you but does no damage.
The large slime creature hits you.
You hit the large slime creature. You freeze the large slime creature.
You claw the large slime creature!
You peck the large slime creature, but do no damage.
The large slime creature is moderately wounded.
You hit the large slime creature. You freeze the large slime creature.
A large slime creature splits.
You hit the large slime creature. You freeze the large slime creature.
You claw the large slime creature. You peck the large slime creature.
The large slime creature is moderately wounded.
You hit the slime creature. You freeze the slime creature.
You barely miss the slime creature.
The large slime creature hits you but does no damage.
The slime creature hits you.
You hit the large slime creature. You freeze the large slime creature.
You claw the large slime creature! You peck the large slime creature.
The large slime creature is heavily wounded.
You slash the slime creature! You freeze the slime creature.
You slash the slime creature! You freeze the slime creature.
The slime creature hits you! The large slime creature hits you!!
You die...

########### #.........#
#.##...##.# ###
#.#.....#.##########
##.#####.##JJ.##.##.......#
#..........@J.......#####.#
##.#####.###.###.#### #.# #.# #.#
#.# #.# #.# #####.#####.###+###.#
#.# #.........#.........# #.#
#.###.###.###.....### ####.##
#.###.###.##.......## ##......
###.##...##.#.........####.....##
............).:.>.....+..........


You could see a large slime creature and 2 slime creatures.

Vanquished Creatures
  A slime creature (D:6)
  Edmund (D:4)
  A black bear (D:7)
  An ice beast (D:6)
  An ogre (D:5)
  2 phantoms
  2 kobold brigands (D:6)
  2 bullfrogs (D:6)
  A necrophage (D:5)
  3 scorpions
  4 wights (D:7)
  2 hounds
  An orc priest (D:6)
  A gnoll bouda (D:6)
  2 iguanas (D:7)
  Terence (D:3)
  7 orc wizards
  11 gnolls
  6 adders
  2 shadow imps
  3 white imps
  An ufetubus (D:5)
  2 worms
  2 dart slugs
  13 orcs
  3 endoplasms
  5 giant cockroaches
  15 goblins
  3 hobgoblins
  16 kobolds
  3 quokkas
  8 ball pythons
  2 bats (D:3)
  5 frilled lizards
  2 rats
135 creatures vanquished.

Vanquished Creatures (collateral kills)
  An iguana (D:5)
1 creature vanquished.

Grand Total: 136 creatures vanquished

Notes
Turn   | Place    | Note
-------+----------+-------------------------------------------
     0 | D:1      | qw the Tengu Warper began the quest for the Orb.
     0 | D:1      | Reached XP level 1. HP: 12/12 MP: 4/4
     0 | D:1      | 0 ||| qw: Version: 0.1-a-89-g26bdef1
     0 | D:1      | 0 ||| qw: Game counter: 2386
     0 | D:1      | 0 ||| qw: Always use a shield: true
     0 | D:1      | 0 ||| qw: God list: Okawaru
     0 | D:1      | 0 ||| qw: Allow faded altars: false
     0 | D:1      | 0 ||| qw: Do Orc after D:15 true
     0 | D:1      | 0 ||| qw: Do second Lair branch before Depths: true
     0 | D:1      | 0 ||| qw: Lair rune preference: random
     0 | D:1      | 0 ||| qw: Plans: Normal
     0 | D:1      | 0 ||| PLANNING D:1-11
    45 | D:1      | 45 ||| Stepping ~*~*~tactically~*~*~ (stealth).
    50 | D:1      | 50 ||| Stepping ~*~*~tactically~*~*~ (stealth).
    52 | D:1      | HP: 2/12 [hobgoblin (3)]
    55 | D:1      | 55 ||| Stepping ~*~*~tactically~*~*~ (stealth).
   317 | D:1      | Reached XP level 2. HP: 17/17 MP: 6/6
   344 | D:1      | Reached skill level 3 in Axes
   429 | D:1      | 429 ||| Stepping ~*~*~tactically~*~*~ (stealth).
   753 | D:1      | 753 ||| DROPPING +0 club.
   916 | D:1      | Reached XP level 3. HP: 18/21 MP: 7/7
  1013 | D:1      | 1013 ||| Stepping ~*~*~tactically~*~*~ (stealth).
  1014 | D:1      | 1014 ||| Stepping ~*~*~tactically~*~*~ (stealth).
  1017 | D:1      | 1017 ||| Stepping ~*~*~tactically~*~*~ (stealth).
  1018 | D:1      | 1018 ||| Stepping ~*~*~tactically~*~*~ (stealth).
  1150 | D:1      | 1150 ||| UPGRADING to +0 pair of gloves.
  1155 | D:1      | 1155 ||| UPGRADING to +0 cloak.
  1160 | D:1      | 1160 ||| UPGRADING to +0 ring mail.
  1170 | D:1      | 1170 ||| DROPPING +0 leather armour.
  1171 | D:1      | 1171 ||| READING scroll labelled YFIAZU POIT.
  1172 | D:1      | 1172 ||| READING 2 scrolls labelled ACAOSAS ACKIG.
  1173 | D:1      | 1173 ||| READING scroll labelled BEAMEL LIAVUCS.
  1174 | D:1      | 1174 ||| DRINKING 2 red potions.
  1175 | D:1      | 1175 ||| DROPPING scroll of blinking.
  1313 | D:2      | Reached skill level 4 in Axes
  1558 | D:2      | Reached XP level 4. HP: 26/26 MP: 8/8
  2078 | D:2      | 2078 ||| UPGRADING to +0 scale mail.
  2088 | D:2      | 2088 ||| DROPPING +0 ring mail.
  2089 | D:2      | 2089 ||| UPGRADING to ring of see invisible.
  2090 | D:2      | 2090 ||| READING scroll labelled XUACHOI HOEVUQY.
  2091 | D:2      | 2091 ||| READING scroll labelled TAUTAR MIUQ.
  2092 | D:2      | 2092 ||| READING scroll labelled FEBUMU GUTHRAM.
  2092 | D:2      | Identified a scroll of acquirement
  2092 | D:2      | 2092 ||| ACQUIRING +5 war axe of freezing
  2092 | D:2      | Acquired a +5 war axe of freezing
  2094 | D:2      | 2094 ||| SWAPPING to +5 war axe of freezing.
  2095 | D:2      | 2095 ||| DROPPING +1 hand axe.
  2096 | D:2      | 2096 ||| DRINKING 3 sedimented grey potions.
  2115 | D:3      | Found a faded altar of an unknown god.
  2119 | D:3      | Reached skill level 5 in Axes
  2173 | D:3      | Found Nagemic's Assorted Antiques.
  2182 | D:3      | 2182 ||| SHOPLISTING faintly glowing hat (252 gold, have
                  | 65).
  2182 | D:3      | 2182 ||| BUYING fizzy clear potion (25 gold).
  2182 | D:3      | Bought a fizzy clear potion for 25 gold pieces
  2182 | D:3      | 2182 ||| BUYING scroll labelled TUROUBR IHOT (28 gold).
  2182 | D:3      | Bought a scroll labelled TUROUBR IHOT for 28 gold pieces
  2182 | D:3      | 2182 ||| SHOPLISTING white potion (25 gold, have 12).
  2219 | D:3      | 2219 ||| FLEEEEING.
  2220 | D:3      | 2220 ||| FLEEEEING.
  2221 | D:3      | 2221 ||| FLEEEEING.
  2222 | D:3      | 2222 ||| FLEEEEING.
  2223 | D:3      | 2223 ||| FLEEEEING.
  2224 | D:3      | 2224 ||| FLEEEEING.
  2225 | D:3      | 2225 ||| FLEEEEING.
  2226 | D:3      | 2226 ||| FLEEEEING.
  2226 | D:3      | HP: 6/26 [poisoned by a kobold]
  2227 | D:3      | 2227 ||| FLEEEEING.
  2230 | D:3      | 2230 ||| FLEEEEING.
  2230 | D:3      | HP: 2/26 [poisoned by a kobold]
  2231 | D:3      | 2231 ||| FLEEEEING.
  2232 | D:3      | 2232 ||| FLEEEEING.
  2233 | D:3      | 2233 ||| FLEEEEING.
  2234 | D:3      | 2234 ||| FLEEEEING.
  2235 | D:3      | 2235 ||| FLEEEEING.
  2236 | D:3      | 2236 ||| FLEEEEING.
  2237 | D:3      | 2237 ||| FLEEEEING.
  2238 | D:3      | 2238 ||| FLEEEEING.
  2239 | D:3      | 2239 ||| FLEEEEING.
  2240 | D:3      | 2240 ||| FLEEEEING.
  2241 | D:3      | 2241 ||| FLEEEEING.
  2242 | D:3      | 2242 ||| FLEEEEING.
  2243 | D:3      | 2243 ||| FLEEEEING.
  2246 | D:3      | 2246 ||| STAIRDANCE
  2535 | D:2      | 2535 ||| UPGRADING to +0 chain mail.
  2545 | D:2      | 2545 ||| DROPPING +0 scale mail.
  2546 | D:2      | 2546 ||| READING 2 scrolls labelled TUROUBR IHOT.
  2547 | D:2      | 2547 ||| DRINKING 2 fizzy clear potions.
  2548 | D:2      | 2548 ||| DRINKING 2 blue potions.
  2549 | D:2      | 2549 ||| DROPPING scroll of immolation.
  2550 | D:2      | 2550 ||| DROPPING potion of brilliance.
  2551 | D:2      | 2551 ||| DROPPING potion of flight.
  2627 | D:3      | 2627 ||| Stepping ~*~*~tactically~*~*~ (hiding).
  2629 | D:3      | 2629 ||| Stepping ~*~*~tactically~*~*~ (hiding).
  2636 | D:3      | Gained mutation: Your magical nature lets you fly swiftly
                  | and evasively. [Tengu growth]
  2636 | D:3      | Reached XP level 5. HP: 16/30 MP: 9/9
  2772 | D:3      | 2772 ||| DROPPING +0 mace.
  2829 | D:3      | Identified the +0 leather armour of Wuawkygg {-Cast Harm
                  | rF+ rN++}
  2901 | D:3      | Noticed Terence
  2910 | D:3      | Killed Terence
  3126 | D:3      | 3126 ||| DRINKING 2 fuming red potions.
  3164 | D:4      | Noticed Edmund
  3174 | D:4      | Killed Edmund
  3175 | D:4      | Reached skill level 6 in Axes
  3175 | D:4      | Reached XP level 6. HP: 22/35 MP: 10/10
  3318 | D:4      | 3318 ||| READING scroll of enchant armour.
  3318 | D:4      | 3318 ||| ENCHANTING +0 pair of gloves.
  3340 | D:4      | Reached skill level 7 in Axes
  3411 | D:4      | 3411 ||| Stepping ~*~*~tactically~*~*~ (stealth).
  3574 | D:4      | Found a burning altar of Makhleb.
  3581 | D:4      | Identified the +8 whip "qw's Death" {protect, rCorr}
  3583 | D:4      | 3583 ||| DROPPING +0 flail.
  3611 | D:4      | Identified the +6 scale mail "Vearph" {Rampage rC++ rN+}
  3639 | D:4      | Found a runed translucent door.
  3640 | D:4      | Noticed qw's ghost (amateur TeWr)
  4046 | D:4      | 4046 ||| UPGRADING to +6 scale mail "Vearph" {Rampage rC++
                  | rN+}.
  4056 | D:4      | 4056 ||| DROPPING +0 chain mail.
  4057 | D:4      | 4057 ||| READING 2 scrolls of identify.
  4057 | D:4      | 4057 ||| IDENTIFYING white potion
  4076 | D:5      | Entered Level 5 of the Dungeon
  4106 | D:5      | Found Sabyteogi's Superlative Supplies.
  4108 | D:5      | 4108 ||| READING scroll of enchant weapon.
  4108 | D:5      | 4108 ||| ENCHANTING +5 war axe of freezing.
  4119 | D:5      | Reached skill level 3 in Fighting
  4222 | D:5      | 4222 ||| SHOPLISTING +6 ring of strength (504 gold, have
                  | 50).
  4278 | D:5      | Reached XP level 7. HP: 40/41 MP: 11/11
  4361 | D:5      | Found a staircase to the Ecumenical Temple.
  4362 | D:5      | 4362 ||| PLANNING TEMPLE
  4362 | D:5      | 4362 ||| READING scroll labelled NUDERECIJ.
  4376 | Temple   | Entered the Ecumenical Temple
  4400 | Temple   | Became a worshipper of Warmaster Okawaru
  4460 | Temple   | 4460 ||| PLANNING D:1-11
  4522 | D:5      | 4522 ||| Stepping ~*~*~tactically~*~*~ (hiding).
  4831 | D:5      | 4831 ||| Stepping ~*~*~tactically~*~*~ (hiding).
  4847 | D:5      | Reached skill level 8 in Axes
  5076 | D:5      | 5076 ||| UPGRADING to amulet of reflection.
  5081 | D:5      | 5081 ||| UPGRADING to ring of protection from fire.
  5082 | D:5      | 5082 ||| READING scroll labelled PUWNEOZEST.
  5083 | D:5      | 5083 ||| Stepping randomly (stuck).
  5084 | D:5      | 5084 ||| Stepping ~*~*~tactically~*~*~ (cloud).
  5433 | D:6      | Reached skill level 9 in Axes
  5459 | D:6      | 5459 ||| Stepping ~*~*~tactically~*~*~ (hiding).
  5467 | D:6      | Reached XP level 8. HP: 46/46 MP: 12/12
  5657 | D:6      | Reached * piety under Okawaru
  5721 | D:6      | 5721 ||| INVOKING Heroism.
  5727 | D:6      | 5727 ||| Stepping ~*~*~tactically~*~*~ (stealth).
  5734 | D:6      | 5734 ||| Stepping ~*~*~tactically~*~*~ (stealth).
  5741 | D:6      | 5741 ||| INVOKING Heroism.
  5891 | D:6      | Reached skill level 1 in Invocations
  5931 | D:6      | Reached skill level 3 in Dodging
  5981 | D:6      | 5981 ||| Stepping ~*~*~tactically~*~*~ (hiding).
  5982 | D:6      | 5982 ||| Stepping ~*~*~tactically~*~*~ (hiding).
  5991 | D:6      | 5991 ||| FLEEEEING.
  5992 | D:6      | 5992 ||| FLEEEEING.
  5993 | D:6      | 5993 ||| FLEEEEING.
  5994 | D:6      | 5994 ||| FLEEEEING.
  5995 | D:6      | 5995 ||| FLEEEEING.
  5996 | D:6      | 5996 ||| FLEEEEING.
  5997 | D:6      | 5997 ||| FLEEEEING.
  6197 | D:6      | 6197 ||| Stepping ~*~*~tactically~*~*~ (stealth).
  6202 | D:6      | 6202 ||| Stepping ~*~*~tactically~*~*~ (stealth).
  6206 | D:6      | 6206 ||| Stepping ~*~*~tactically~*~*~ (hiding).
  6208 | D:6      | 6208 ||| Stepping ~*~*~tactically~*~*~ (hiding).
  6210 | D:6      | 6210 ||| Stepping ~*~*~tactically~*~*~ (hiding).
  6211 | D:6      | 6211 ||| Stepping ~*~*~tactically~*~*~ (hiding).
  6213 | D:6      | 6213 ||| INVOKING Heroism.
  6240 | D:6      | 6240 ||| Stepping ~*~*~tactically~*~*~ (hiding).
  6241 | D:6      | 6241 ||| Stepping ~*~*~tactically~*~*~ (hiding).
  6255 | D:6      | 6255 ||| Stepping ~*~*~tactically~*~*~ (stealth).
  6267 | D:6      | Reached skill level 3 in Invocations
  6383 | D:6      | 6383 ||| DROPPING ring of wizardry.
  6384 | D:6      | 6384 ||| READING scroll labelled MEOMIR OREUDU.
  6385 | D:6      | 6385 ||| DRINKING 2 orange potions.
  6385 | D:6      | Gained mutation: You are dopey. (Int -2) [potion of
                  | mutation]
  6385 | D:6      | Gained mutation: You have hidden genetic potential. [potion
                  | of mutation]
  6386 | D:6      | 6386 ||| READING 2 scrolls of identify.
  6386 | D:6      | 6386 ||| IDENTIFYING grey potion
  6387 | D:6      | 6387 ||| DROPPING potion of berserk rage.
  6419 | D:7      | 6419 ||| Stepping ~*~*~tactically~*~*~ (stealth).
  6426 | D:7      | 6426 ||| Stepping ~*~*~tactically~*~*~ (stealth).
  6446 | D:7      | Reached ** piety under Okawaru
  6447 | D:7      | Reached skill level 10 in Axes
  6447 | D:7      | Reached XP level 9. HP: 42/52 MP: 13/13
  6449 | D:7      | 6449 ||| INVOKING Heroism.
  6652 | D:7      | 6652 ||| INVOKING Heroism.
  6657 | D:7      | Reached skill level 3 in Armour
  6669 | D:7      | 6669 ||| Stepping randomly (stuck).
  6670 | D:7      | 6670 ||| Stepping randomly (stuck).
  6671 | D:7      | 6671 ||| Stepping randomly (stuck).
  6672 | D:7      | 6672 ||| Stepping randomly (stuck).
  6768 | D:7      | Found a shadowy altar of Dithmenos.
  6773 | D:7      | 6773 ||| Stepping ~*~*~tactically~*~*~ (hiding).
  6774 | D:7      | 6774 ||| Stepping ~*~*~tactically~*~*~ (hiding).
  6780 | D:7      | Found a flagged portal.
  6818 | D:7      | 6818 ||| INVOKING Heroism.
  6821 | D:7      | 6821 ||| STAIRDANCE
  6910 | D:7      | 6910 ||| STAIRDANCE
  6912 | D:6      | 6912 ||| INVOKING Heroism.
  6920 | D:6      | Slain by a large slime creature

Levels and vault maps discovered:
D:1:      minmay_arrival_four_houses, layout_basic, minmay_misc_feat_hallway
D:2:      layout_rooms
D:3:      layout_rooms, serial_shops, shop_fountains,
          nicolae_ecumenical_pavilion, uniq_terence
D:4:      layout_cave_pods, bloody_makhleb, gammafunk_ghost_grave,
          chequers_mini_garden, grunt_decor_junction, uniq_edmund
D:5:      layout_basic, minmay_temple_entry_statues_fountains, st_stairs_3,
          nicolae_alphabet_shops
D:6:      layout_loops_corners
D:7:      layout_loops_corners, mainiacjoe_overflow_tiny_flanked,
          nzn_hepliaklqana_mist_gate, gammafunk_ghost_abyssal_escape,
          serial_shops, nicolae_lakefront_shop, enter_bailey_3,
          minmay_a_box_with_orc_wizards_in_it, uniq_menkaure, uniq_maggie
Temple:   nicolae_temple_superstar

Skill      XL: |  1  2  3  4  5  6  7  8  9 |
---------------+----------------------------+-----
Axes           | 3 4 5 6 7 9 10 | 10.0
Armour         | 2 3 |  3.7
Fighting       | 3 4 5 |  5.4
Invocations    | 3 4 |  4.0
Dodging        | 3 |  3.2
Throwing       | |  1.0
Spellcasting   | |  2.0
Translocations | |  2.4

Action                   |  1- 3 |  4- 6 |  7- 9 || total
-------------------------+-------+-------+-------++-------
Melee: Hand axe          |    79 |    19 |       ||    98
       Peck              |    11 |     4 |    27 ||    42
       Kick              |    12 |    16 |    53 ||    81
       Punch             |     1 |     1 |     3 ||     5
       War axe           |       |    55 |   174 ||   229
Throw: Boomerang         |     7 |       |    23 ||    30
Invok: Heroism           |       |       |     7 ||     7
  Use: Scroll            |     3 |     7 |     4 ||    14
       Potion            |     1 |     4 |     1 ||     6
Armor: Leather armour    |     7 |       |       ||     7
       Ring mail         |    11 |     5 |       ||    16
       Chain mail        |       |     7 |       ||     7
       Scale mail        |       |    15 |    57 ||    72
Dodge: Dodged            |    43 |    20 |    63 ||   126
Block: Other             |       |       |    22 ||    22
       Reflection        |       |       |     1 ||     1

Table legend:
 A = Non-vault XP
 B = Vault XP
 C = Vault XP percentage of total XP
 D = Non-vault monster count
 E = Vault monster count
 F = Vault count percentage of total count
                 A         B        C        D         E       F
            +---------+---------+-------+---------+---------+-------
      Total |    2607 |     441 |  14.5 |     123 |      13 |   9.6
            +---------+---------+-------+---------+---------+-------
        D:1 |      36 |       0 |   0.0 |      20 |       0 |   0.0
        D:2 |      77 |       0 |   0.0 |      17 |       0 |   0.0
        D:3 |      63 |      36 |  36.4 |      14 |       1 |   6.7
        D:4 |     106 |     164 |  60.7 |      10 |       1 |   9.1
        D:5 |     440 |      56 |  11.3 |      13 |       2 |  13.3
        D:6 |    1372 |       0 |   0.0 |      41 |       0 |   0.0
        D:7 |     513 |     185 |  26.5 |       8 |       9 |  52.9
            +---------+---------+-------+---------+---------+-------
